Map: Frozen Temple

Players

IlIlIlIlIlIl - Winner!

  • Race: Zerg Zerg
  • League: Diamond

Miszu

  • Race: Terran Terran
  • League: Master

VOD

Have the link to the VOD?

Description

Time

  • Played on: June 13, 2016, 1:20 p.m.
  • Length: 6:17
Show
View Real Time Build Order
Export as new Build Order

IlIlIlIlIlIl Zerg - Winner!

Build Orders: Hatch First 

Get SALT Encoding   

  12  0:01  Drone  
  13  0:13  Overlord  
  13  0:18  Drone  
  14  0:31  Drone x2  
  16  0:36  Drone  
  17  0:52  Hatchery  
  17  0:56  Drone  
  17  0:59  Extractor  
  17  1:01  Drone  
  17  1:16  Spawning Pool  
  17  1:18  Drone  
  17  1:22  Drone  
  18  1:29  Drone  
  19  1:43  Overlord  
  19  2:02  Metabolic Boost  
  19  2:03  Queen  
  19  2:04  Zergling x4  
  19  2:07  Zergling x2  
  24  2:09  Queen  
  26  2:17  Drone x2  
  28  2:23  Drone  
  29  2:31  Drone  
  29  2:35  Drone  
  31  2:40  Pneumatized Carapace  
  31  2:42  Drone  
  32  2:45  Queen  
  32  2:50  Overlord  
  34  2:58  Overlord  
  34  3:09  Evolution Chamber  
  34  3:10  Drone x3  
  36  3:16  Drone  
  36  3:17  Drone x3  
  36  3:18  Drone  
  41  3:24  Drone x2  
  43  3:33  Overlord  
  43  3:44  Overlord  
  43  3:45  Overlord, Drone  
  44  3:59  Extractor  
  44  4:00  Roach Warren, Extractor  
  44  4:02  Drone x8  
  49  4:16  Drone  
  49  4:17  Overlord x2  
  50  4:27  Overlord x2  
  50  4:40  Roach x6  
  62  4:51  Roach  
  62  4:52  Roach x3  
  70  5:01  Roach x2  
  70  5:02  Roach x2  
  70  5:04  Roach  
  82  5:14  Roach  
  82  5:22  Zergling x8  
  82  5:23  Zergling x2  
  82  5:24  Ravager x3  
  82  5:26  Ravager  
  82  5:27  Ravager  
  92  5:30  Zergling x8, Hatchery  
  92  5:32  Ravager  
  96  5:38  Zergling x2  
  94  5:45  Zergling x2  
  94  5:49  Zergling x4  
  83  5:54  Zergling x8  
  87  6:01  Ravager x2  
Show
View Real Time Build Order
Export as new Build Order

Miszu Terran 

Build Orders: Reaper Expand 

Get SALT Encoding   

  12  0:01  SCV  
  13  0:13  SCV  
  14  0:18  Supply Depot  
  14  0:25  SCV  
  15  0:39  SCV  
  15  0:40  Barracks  
  16  0:46  Refinery  
  16  0:51  SCV  
  17  1:03  SCV  
  18  1:17  SCV  
  19  1:29  Orbital Command  
  19  1:30  Reaper  
  20  1:39  Command Center  
  20  1:49  Supply Depot  
  20  1:54  SCV  
  21  2:02  Marine  
  21  2:06  Factory  
  21  2:08  SCV  
  23  2:20  SCV  
  24  2:23  Barracks Reactor  
  24  2:32  SCV  
  25  2:44  SCV  
  25  2:48  Command Center  
  26  2:55  Orbital Command  
  26  2:57  SCV  
  27  3:09  Hellion x2  
  27  3:10  Barracks Tech Lab, SCV  
  32  3:20  SCV  
  32  3:22  SCV  
  34  3:30  Marine, Stimpack  
  34  3:32  SCV  
  36  3:34  SCV  
  36  3:44  SCV  
  36  3:45  Refinery  
  36  3:46  SCV, Factory Reactor  
  36  3:48  Marine  
  39  3:49  Barracks  
  39  3:51  Barracks  
  39  3:56  SCV  
  39  3:58  SCV  
  41  4:03  Orbital Command  
  41  4:06  Marine  
  41  4:08  Refinery  
  41  4:09  Refinery, SCV  
  43  4:10  SCV  
  43  4:11  Engineering Bay  
  43  4:16  Engineering Bay  
  44  4:21  SCV  
  44  4:23  Marine, SCV  
  47  4:31  Orbital Command  
  47  4:33  SCV  
  47  4:35  SCV  
  49  4:39  Starport, Factory Reactor  
  49  4:41  Marine  
  49  4:45  Marine x2, SCV  
  51  4:47  SCV  
  51  4:51  Marine  
  51  4:52  Marine  
  56  4:57  SCV  
  56  4:59  Marine  
  58  5:00  Supply Depot  
  58  5:01  SCV  
  58  5:02  SCV  
  58  5:03  Marine  
  61  5:12  Supply Depot  
  61  5:18  Barracks  
  61  5:20  Barracks  
  61  5:21  Marine x4, SCV  
  61  5:22  SCV  
  61  5:24  Medivac, Factory Reactor  
  69  5:29  Armory  
  69  5:33  Medivac, SCV  
  69  5:35  Supply Depot  
  71  5:49  Marine x5  
  64  5:51  SCV  
Tags
 
Add a new tag
Caveats
  • Supply blocks, unpowered buildings, or Contaminate may cause inaccurate times.
  • Supply counts are checked every 10 seconds.